 Dungeon Crawl Stone Soup version 0.30.1-3-gfc49f6343a (webtiles) character file.

Game seed: 12669667258572124713

44 Zeor the Twirler (level 3, 9/30 HPs)
             Began as a Draconian Gladiator on Aug 7, 2023.
             Quit the game on level 2 of the Dungeon.
             The game lasted 00:02:44 (1124 turns).

Zeor the Twirler (Draconian Gladiator)              Turns: 1124, Time: 00:02:45

Health: 9/30       AC:  6    Str: 16    XL:     3   Next: 41%
Magic:  3/3        EV: 12    Int:  8    God:
Gold:   64         SH:  0    Dex: 12    Spells: 2/2 levels left

rFire   + + .        a - +0 quarterstaff
rCold   x . .        (shield currently unavailable)
rNeg    . . .        (body armour unavailable)
rPois   .            b - +0 hat
rElec   .            f - +0 cloak
rCorr   .            (no gloves)
SInv    +            (no boots)
Will    .....        (no amulet)
Stlth   +            g - ring of protection from fire
HPRegen 0.25/turn    h - ring of protection from fire
MPRegen 0.08/turn

%: no passive effects
@: confused, ambrosia-drunk
A: AC +5, unfitting armour, cold-blooded, see invisible, clumsy 1, cold
vulnerability 1, devolution 1
a: no special abilities


You were on level 2 of the Dungeon.
You visited 1 branch of the dungeon, and saw 2 of its levels.

You collected 64 gold pieces.

Inventory:

Hand Weapons
 a - a +0 quarterstaff (weapon)
Missiles
 c - 2 throwing nets (quivered)
 d - a javelin
Armour
 b - a +0 hat (worn)
 f - a +0 cloak (worn)
Jewellery
 e - a +6 ring of intelligence
 g - a ring of protection from fire (left hand)
 h - a ring of protection from fire (right hand)
Scrolls
 i - a scroll of blinking
 m - a scroll of silence {unknown}
Potions
 l - a potion of curing {unknown}
 n - a potion of lignification {unknown}


   Skills:
 + Level 2.3 Fighting
 * Level 3.8 Staves
 + Level 1.8 Throwing
 + Level 3.2 Dodging
 + Level 0.1 Stealth


You had 2 spell levels left.
You didn't know any spells.
Your spell library was empty.

Dungeon Overview and Level Annotations

Branches:
Dungeon (2/15)

Altars:


Innate Abilities, Weirdness & Mutations

Your plain brown scales are hard. (AC +5)
You cannot fit into any form of body armour.
You are cold-blooded and may be slowed by cold attacks.
You have supernaturally acute eyesight. (SInv)
You are clumsy. (Dex -2)
You are vulnerable to cold. (rC-)
You have hidden genetic defects.


Message History

The throwing net completely misses Natasha.
Natasha barely misses you. The rat bites you but does no damage.
Natasha claws you.
Found a stone staircase leading up.
It was a potion of mutation.
You feel extremely strange.
You feel a hidden malignance growing inside you.
You feel vulnerable to cold.
Your vision sharpens.
Natasha claws you!
Ouch! That really hurt!
* * * LOW HITPOINT WARNING * * *
The cerulean imp hits you but does no damage.
You miss Natasha.
Natasha is moderately wounded.
Natasha barely misses you. The cerulean imp closely misses you.
You sock Natasha!
You kill Natasha!
Natasha yowls pathetically as she dies!
The cerulean imp disappears in a puff of smoke!
You have reached level 3!
Your experience leads to an increase in your attributes!
Increase (S)trength, (I)ntelligence, or (D)exterity?
You feel agile. x2; Your scales feel tougher.
You barely miss the rat. The rat misses you.
You hit the rat.
You kill the rat!
You start resting.
An endoplasm comes into view.
The endoplasm quivers.
An adder comes into view.
The endoplasm hits you but does no damage.
You feel a genetic drift.
You feel clumsy.
You thump the endoplasm!
You kill the endoplasm!
The adder hisses angrily.
It was a potion of ambrosia.
You are confused.
You feel invigorated. The adder barely misses you.
Enter note: hose this Are you sure you want to abandon this character and quit the game? (Confirm with "yes".)

▒∙<∙∙∙∙∙∙∙∙∙▒
▒▒∙∙∙∙∙∙∙∙∙▒▒▒▒▒▒▒▒▒
▒▒∙∙∙▒∙∙∙∙∙∙∙∙∙∙∙∙∙
▒▒▒∙▒∙▒∙▒▒▒▒▒▒▒▒▒▒
▒▒▒∙▒∙▒∙▒▒ ▒
∙∙∙∙∙∙∙∙∙▒▒ ∙▒
∙∙▒∙▒▒▒∙∙∙▒▒▒ ∙∙▒ ▒∙
▒▒▒∙∙∙▒▒▒▒∙∙▒
▒▒∙▒▒▒▒▒∙▒∙∙∙d∙∙▒
▒∙∙∙∙∙∙∙∙▒▒▒▒▒S∙∙∙▒
▒∙∙∙∙∙∙∙r▒ ∙▒∙<∙∙∙
∙∙∙∙∙∙>∙∙▒ ∙∙ ▒▒▒▒
▒∙∙∙∙∙∙∙∙∙ ▒▒▒
∙∙∙∙∙∙∙∙∙▒▒
∙∙$▒▒▒▒▒∙∙ ∙(∙ ∙∙∙
▒▒ ▒∙∙


You could see an adder.

Vanquished Creatures
  Natasha (D:2)
  2 ball pythons
  An endoplasm (D:2)
  2 goblins (D:1)
  4 hobgoblins
  3 quokkas (D:1)
  A bat (D:1)
  A frilled lizard (D:2)
  A kobold (D:1)
  A rat (D:2)
17 creatures vanquished.

Vanquished Creatures (collateral kills)
  A frilled lizard (D:1)
1 creature vanquished.

Grand Total: 18 creatures vanquished

Notes
Turn   | Place    | Note
-------+----------+-------------------------------------------
     0 | D:1      | Zeor the Draconian Gladiator began the quest for the Orb.
     0 | D:1      | Reached XP level 1. HP: 17/17 MP: 1/1
   306 | D:1      | Reached XP level 2. HP: 15/24 MP: 2/2
   742 | D:1      | Found a faded altar of an unknown god.
  1097 | D:2      | Noticed Natasha
  1110 | D:2      | Gained mutation: You have hidden genetic defects. [potion
                  | of mutation]
  1110 | D:2      | Gained mutation: You are vulnerable to cold. (rC-) [potion
                  | of mutation]
  1110 | D:2      | Gained mutation: You have supernaturally acute eyesight.
                  | (SInv) [potion of mutation]
  1112 | D:2      | Killed Natasha
  1113 | D:2      | Reached XP level 3. HP: 3/30 MP: 3/3
  1120 | D:2      | Gained mutation: You are clumsy. (Dex -2) [hidden defects]
  1124 | D:2      | hose this
  1124 | D:2      | Quit the game

Illustrated notes

▒∙<∙∙∙∙∙∙∙∙∙▒
▒▒∙∙∙∙∙∙∙∙∙▒▒▒▒▒▒▒▒▒
▒▒∙∙∙▒∙∙∙∙∙∙∙∙∙∙∙∙∙
▒▒▒∙▒∙▒∙▒▒▒▒▒▒▒▒▒▒
▒▒▒∙▒∙▒∙▒▒ ▒
∙∙∙∙∙∙∙∙∙▒▒ ∙▒
∙∙▒∙▒▒▒∙∙∙▒▒▒ ∙∙▒ ▒∙
▒▒▒∙∙∙▒▒▒▒∙∙▒
▒▒∙▒▒▒▒▒∙▒∙∙∙d∙∙▒
▒∙∙∙∙∙∙∙∙▒▒▒▒▒S∙∙∙▒
▒∙∙∙∙∙∙∙r▒ ∙▒∙<∙∙∙
∙∙∙∙∙∙>∙∙▒ ∙∙ ▒▒▒▒
▒∙∙∙∙∙∙∙∙∙ ▒▒▒
∙∙∙∙∙∙∙∙∙▒▒
∙∙$▒▒▒▒▒∙∙ ∙(∙ ∙∙∙
▒▒ ▒∙∙


Turn 1124 on D:2: hose this

Levels and vault maps discovered:
D:1:      dpeg_arrival_erosion, layout_basic, chequers_ecumenical_altar_grove,
          columned_hall_lemuel, minmay_tromino_v4_b
D:2:      layout_rooms, uniq_terence, uniq_natasha

Skill      XL: |  1  2 |
---------------+-------+-----
Dodging        | 3 |  3.2
Fighting       | |  2.3
Staves         | |  3.8
Throwing       | |  1.8
Stealth        | |  0.1

Action                     || total
---------------------------++-------
  Melee: Quarterstaff      ||    55
         Tailslap          ||     3
  Throw: Throwing net      ||     1
    Use: Scroll            ||     2
         Potion            ||     2
 Armour: Skin              ||    17
  Dodge: Dodged            ||    42
